 Dungeon Crawl Stone Soup version 0.24-a0-475-g5b41c6f198 (webtiles) character file.

Game seed: 9071843241097094416

197 Inarius the Skirmisher (level 5, -1/42 HPs)
             Began as a Demonspawn Hunter on July 5, 2019.
             Killed by divine providence
             ... invoked by an orc priest
              (11 damage)
             ... on level 3 of the Dungeon.
             The game lasted 00:04:16 (3090 turns).

Inarius the Skirmisher (Demonspawn Hunter)          Turns: 3090, Time: 00:04:16

Health: -1/42      AC: 10    Str: 13    XL:     5   Next: 46%
Magic:  5/5        EV:  6    Int: 12    God:
Gold:   231        SH:  0    Dex: 14    Spells: 4/4 levels left

rFire    . . .     SeeInvis .   p - +0 falchion
rCold    + . .     Gourm    .   (no shield)
rNeg     . . .     Faith    .   j - +0 chain mail
rPois    .         Spirit   .   (no helmet)
rElec    .         Reflect  .   (no cloak)
rCorr    .         Harm     .   (no gloves)
MR       .....                  (no boots)
Stlth    ..........             (no amulet)
HPRegen  0.14/turn              (no ring)
MPRegen  0.09/turn              (no ring)

@: no status effects
A: molten scales 1, cold resistance 1
a: no special abilities


You were on level 3 of the Dungeon.
You were hungry.

You visited 1 branch of the dungeon, and saw 3 of its levels.

You collected 231 gold pieces.

Inventory:

Hand Weapons
 p - a +0 falchion (weapon)
Missiles
 q - 7 javelins (quivered)
 u - 6 boomerangs
Armour
 j - a +0 chain mail (worn)
Jewellery
 o - a cursed ring of teleportation {unknown}
Scrolls
 c - a scroll of blinking {unknown}
 g - 6 scrolls of identify {unknown}
 h - a scroll of teleportation {unknown}
 m - 2 scrolls of remove curse {unknown}
 s - a scroll of amnesia {unknown}
 v - a scroll of immolation {unknown}
 w - a scroll of enchant armour {unknown}
Potions
 a - a potion of lignification {unknown}
 b - 3 potions of resistance {unknown}
 e - 2 potions of mutation {unknown}
 i - 2 potions of curing {unknown}
 k - a potion of ambrosia {unknown}
 l - 2 potions of haste {unknown}
 n - a potion of flight {unknown}
 r - a potion of berserk rage {unknown}
 x - a potion of agility {unknown}
Comestibles
 f - 7 rations
 t - 2 chunks of flesh


   Skills:
 * Level 4.0 Fighting
   Level 1.3 Short Blades
 - Level 3.6 Throwing
 + Level 2.6 Armour
 + Level 2.4 Dodging
 - Level 0.8 Stealth


You had 4 spell levels left.
You didn't know any spells.
Your spell library was empty.

Dungeon Overview and Level Annotations

Branches:
Dungeon (3/15)

Altars:


Innate Abilities, Weirdness & Mutations

You are partially covered in molten scales. (AC +2)
Your flesh is cold resistant. (rC+)


Message History

Fire/throw which item? (* to show all) (? for menu, Esc to quit)
Throwing (i - inventory. (/) - cycle)
q - 7 javelins (quivered)
Press: ? - help, Shift-Dir - straight line, f/p - orc priest
Aim: an orc priest (moderately wounded)
You throw a throwing net. The throwing net hits the orc priest.
The orc priest is caught in the net!
The orc priest is moderately wounded.
The orc priest struggles against the net.
You hit the orc priest but do no damage.
The orc priest is moderately wounded.
The orc priest struggles against the net.
You catch the helpless orc priest completely off-guard!
You hit the orc priest.
The orc priest is severely wounded.
The orc priest struggles against the net.
You hit the orc priest.
The orc priest is almost dead.
The orc priest mumbles some strange prayers to Beogh against you.
Beogh smites you!
You die...

#..#
#.#
##.#
#.# #.#
#.# #.#
#.# ###
#.# #.#
.(#
#.###.#
#.#
#..##.#
#.#
##.##.#
#o#
#.##.#
#@#
#..#.#
#.#
##.#.#
#.#
#...#
#.#
##..#
#.#
#..#
###.#
#..#
#...#
#.>#
#.###
##.#
#.#


You could see an orc priest (caught).

Vanquished Creatures
  An orc wizard (D:3)
  4 gnolls (D:2)
  3 adders (D:2)
  An ooze (D:2)
  3 worms
  3 dart slugs
  2 leopard geckos (D:1)
  5 orcs (D:3)
  3 giant cockroaches
  10 goblins
  7 hobgoblins
  2 jackals (D:2)
  2 quokkas
  2 ball pythons
  10 bats
  6 frilled lizards
  7 kobolds
  10 rats
81 creatures vanquished.

Notes
Turn   | Place    | Note
-------+----------+-------------------------------------------
     0 | D:1      | Inarius the Demonspawn Hunter began the quest for the Orb.
     0 | D:1      | Reached XP level 1. HP: 16/16 MP: 1/1
   462 | D:1      | Gained mutation: Your flesh is cold resistant. (rC+)
                  | [demonic ancestry]
   462 | D:1      | Reached XP level 2. HP: 21/23 MP: 2/2
   911 | D:1      | Reached skill level 1 in Short Blades
   996 | D:1      | Reached XP level 3. HP: 28/28 MP: 3/3
  1176 | D:1      | Reached skill level 1 in Armour
  1784 | D:2      | Reached skill level 3 in Fighting
  1800 | D:2      | Reached XP level 4. HP: 35/35 MP: 4/4
  2350 | D:2      | Gained mutation: You are partially covered in molten
                  | scales. (AC +2) [demonic ancestry]
  2350 | D:2      | Reached XP level 5. HP: 41/41 MP: 5/5
  3080 | D:3      | Reached skill level 4 in Fighting
  3090 | D:3      | Killed from afar by an orc priest

Levels and vault maps discovered:
D:1:      eino_arrival_cavern_a, layout_rooms
D:2:      minmay_wonky_spiral, layout_loops_cross, first_ration, serial_rivers,
          chequers_serial_rivers_micro_d, chequers_serial_rivers_small_3,
          chequers_serial_rivers_micro_a, chequers_serial_rivers_micro_d,
          chequers_serial_rivers_large_a, minmay_pentomino_x2
D:3:      minmay_door_path, layout_basic

Skill      XL: |  1  2  3  4  5 |
---------------+----------------+-----
Dodging        | 2 |  2.4
Short Blades   | 1 |  1.3
Armour         | 1 2 |  2.6
Fighting       | 3 4 |  4.0
Throwing       | |  3.6
Stealth        | |  0.8

Action                   |  1- 3 |  4- 6 || total
-------------------------+-------+-------++-------
Melee: Short sword       |   129 |       ||   129
       Falchion          |    49 |   126 ||   175
Throw: Javelin           |    12 |    15 ||    27
       Throwing net      |       |     3 ||     3
 Stab: Held in net/web   |       |     4 ||     4
  Eat: Chunk             |     3 |     4 ||     7
Armor: Chain mail        |   147 |    98 ||   245
       Leather armour    |     1 |       ||     1
Dodge: Dodged            |    65 |    47 ||   112
       Rpst.: Falchion   |     8 |    12 ||    20

Table legend:
 A = Non-vault XP
 B = Vault XP
 C = Vault XP percentage of total XP
 D = Non-vault monster count
 E = Vault monster count
 F = Vault count percentage of total count
                 A         B        C        D         E       F
            +---------+---------+-------+---------+---------+-------
      Total |     257 |      25 |   8.9 |      74 |       7 |   8.6
            +---------+---------+-------+---------+---------+-------
        D:1 |      43 |       0 |   0.0 |      23 |       0 |   0.0
        D:2 |     132 |      24 |  15.4 |      28 |       6 |  17.6
        D:3 |      82 |       1 |   1.2 |      23 |       1 |   4.2
            +---------+---------+-------+---------+---------+-------
